 Dungeon Crawl Stone Soup version 0.29-a0-40-g8eb35efe60 (webtiles) character file.

Game seed: 5595937063703791420

63709 robertstho the Tortoise (level 14, -6/211 HPs)
             Began as a Minotaur Berserker on Feb 1, 2022.
             Was a High Priest of Trog.
             Mangled by an orc warrior (27 damage)
             ... on level 2 of the Orcish Mines.
             The game lasted 00:33:50 (20310 turns).

robertstho the Tortoise (Minotaur Berserker)       Turns: 20310, Time: 00:33:51

Health: -6/211     AC: 23    Str: 25    XL:     14   Next: 69%
Magic:  13/13      EV:  9    Int:  6    God:    Trog [*****.]
Gold:   837        SH:  3    Dex: 10    Spells: 13/13 levels left

rFire   + + .      SeeInvis .   n - +9 demon trident (flame)
rCold   . . .      Faith    .   D - +0 buckler "Foaziubo" {rF+}
rNeg    . . .      Spirit   .   K - +2 chain mail {rF+}
rPois   +          Reflect  .   (helmet restricted)
rElec   .          Harm     .   N - +2 cloak
rCorr   .          Rampage  .   x - +1 pair of gloves
Will    +....                   (no boots)
Stlth   ..........              (no amulet)
HPRegen 0.45/turn               m - ring of poison resistance
MPRegen 0.13/turn               G - +4 ring of slaying

@: berserking, very quick
A: horns 2, retaliatory headbutt
a: Renounce Religion, Berserk, Trog's Hand, Brothers in Arms


You were on level 2 of the Orcish Mines.
You worshipped Trog.
Trog was extremely pleased with you.
You visited 3 branches of the dungeon, and saw 18 of its levels.
You visited the Abyss 1 time.
You also visited: Ossuary, Bailey and Volcano.

You collected 2155 gold pieces.
You spent 1318 gold pieces at shops.

Inventory:

Hand Weapons
 k - the +9 trident "Ciack" {antimagic, Fragile +Blink Will+++}
   (You found it on level 3 of the Lair of Beasts)

   It reduces the magical energy of the wielder, and disrupts the spells and
   magical abilities of those it strikes.
   Natural abilities and divine invocations are not affected.
   +Blink:    It lets you blink.
   Fragile:   It will be destroyed if unequipped.
   Will:      It greatly increases your willpower.
 n - a +9 demon trident of flaming (weapon)
 w - a +1 hand axe of flaming
 y - the +5 spear "Vulymy" {vamp, rElec rC+ Str+4 Int+3}
   (You took it off an orc on level 4 of the Dungeon)

   It occasionally heals its wielder for a portion of the damage dealt when it
   wounds a living foe.
   Str:       It affects your strength (+4).
   Int:       It affects your intelligence (+3).
   rC:        It protects you from cold.
   rElec:     It insulates you from electricity.
 M - a +4 glaive of flaming
Armour
 x - a +1 pair of gloves (worn)
 D - the +0 buckler "Foaziubo" (worn) {rF+}
   (You found it on level 6 of the Lair of Beasts)

   rF:        It protects you from fire.
 K - a +2 chain mail of fire resistance (worn)
 N - a +2 cloak (worn)
 O - a scarf of resistance
Jewellery
 a - a +4 ring of protection
 m - a ring of poison resistance (left hand)
 G - a +4 ring of slaying (right hand)
Wands
 j - a wand of iceblast (24)
 u - a wand of polymorph (10)
 A - a wand of digging (7)
 B - a wand of flame (76)
 H - a wand of mindburst (10)
 I - a wand of paralysis (4)
Scrolls
 c - 3 scrolls of fog
 e - 6 scrolls of teleportation
 f - a scroll of torment {unknown}
 o - a scroll of summoning
 q - a scroll of magic mapping
 r - 2 scrolls of fear
 C - 2 scrolls of enchant armour
 F - 2 scrolls of blinking {unknown}
 L - 2 scrolls of immolation
Potions
 b - 8 potions of might
 d - 7 potions of invisibility
 g - 4 potions of haste
 i - 4 potions of ambrosia
 l - a potion of magic {unknown}
 p - 6 potions of curing
 s - a potion of cancellation {unknown}
 t - 9 potions of mutation
 v - 2 potions of flight
 z - a potion of heal wounds
 E - 4 potions of resistance
 J - a potion of lignification
Miscellaneous
 h - a phantom mirror


   Skills:
 * Level 17.8 Fighting
 + Level 9.4(13.2) Axes
 + Level 14.8(15.8) Polearms
 * Level 18.8 Armour
 + Level 3.4 Dodging
 + Level 1.9 Stealth
 + Level 1.3 Shields
 + Level 0.4 Evocations


You had 13 spell levels left.
You didn't know any spells.
Your spell library was empty.

Dungeon Overview and Level Annotations

Branches:
Dungeon (10/15)            Temple (0/1) D:7            Lair (6/6) D:9
  Swamp (0/4) Lair:4       Spider (0/4) Lair:4        Slime (0/5) Lair:6
    Orc (2/2) D:9         Ossuary (visited)          Bailey (visited)
Volcano (visited)
    Elf: Orc:2

Altars:
Cheibriados
Hepliaklqana
Nemelex Xobeh
Wu Jian
Beogh
Jiyva

Shops:
D:4 [   D:8 (:!!   Orc:2 ![*([

Annotations:
Lair:2 2 transporters
Lair:6 1 runed translucent door


Innate Abilities, Weirdness & Mutations

You have a pair of horns on your head.
You reflexively headbutt those who attack you in melee.


Message History

An orc knight comes into view. It is wielding a +0 great sword.
You completely miss the orc warrior.
The orc knight shouts!
The orc warrior completely misses you.
The orc warrior hits you but does no damage.
The orc knight roars a battlecry!
The orcs go into a battle-frenzy!
You impale the orc warrior!! You burn the orc warrior.
You kill the orc warrior!
Trog accepts your kill.
The orc warrior no longer looks unusually strong.
An orc comes into view. It is wielding a +0 flail.
The orc warrior closely misses you.
The orc knight hits you with a +0 bardiche!!
The orc knight hits you with a +0 great mace!
* * * LOW HITPOINT WARNING * * *
Items here: )))) [[[ ††.
You impale the orc knight!! You burn the orc knight.
Your headbutt misses the orc knight.
The orc knight is heavily wounded.
The orc warrior closely misses you. You furiously retaliate!
You headbutt the orc warrior!!
Unknown command.
The orc no longer looks unusually strong.
The orc knight roars a battlecry!
The orcs go into a battle-frenzy!
The orc warrior hits you with a +0 trident.
* * * LOW HITPOINT WARNING * * *
The orc knight hits you from afar with a +0 bardiche!
* * * LOW HITPOINT WARNING * * *
The orc warrior hits you with a +0 halberd!
* * * LOW HITPOINT WARNING * * *
You hear a shout!
Items here: ))) [[[ †††.
Unknown command.
You feel a strong urge to attack something.
The orc no longer looks unusually strong.
The orc warrior hits you but does no damage.
The orc warrior hits you with a +0 halberd!!
You die...

#....#####................
#...#..##...†...)........
##.......#..######..######
#.........[.#∩...#..#
###..........#....#..#
.##..........#....#..#
.............#....#h.###h##
.............###o##oo..o...h
................@)ooo.8...8.
.............###o##oo.o.....
.............#....#..)......
.............#....#..###.###
.............#∩...#..# .#
.............######..# #
......#'#........ ....
.....)#∩#........ ...
....).###.....##


You could see 3 orc knights, 5 orc warriors and 3 orcs.

Vanquished Creatures
  Kirke (Lair:6)
  A stone giant (Volcano)
  The ghost of Veysay the Thaumaturge, a journeyman DjWz of Dithmenos (Lair:3)
  2 vault guards (Bailey)
  7 hydras
  A boulder beetle (D:6)
  2 two-headed ogres (D:8)
  Erica (D:8)
  3 hell hogs (Abyss:2)
  An orc high priest (Orc:2)
  A large abomination (Abyss:2)
  A flayed ghost (Abyss:2)
  An orc knight (Orc:2)
  An orc sorcerer (Orc:2)
  An oklob plant (Lair:6)
  4 elephants
  Maurice (Orc:1)
  Joseph (D:7)
  A torpor snail (Lair:3)
  10 black mambas
  10 cane toads
  A gargoyle (Volcano)
  An efreet (Volcano)
  4 rime drakes
  11 komodo dragons
  7 hornets
  Grinder (D:5)
  3 trolls
  6 polar bears
  Prince Ribbit (Bailey)
  A harpy skeleton (Abyss:2)
  16 blink frogs
  A dream sheep (Lair:6)
  10 spriggans (Lair:6)
  A shadow (D:9)
  A wraith (D:7)
  4 basilisks
  48 yaks
  8 wyverns
  A fire elemental (Volcano)
  2 steam dragons
  A hog (Lair:6)
  The ghost of testman the Scholar, an amateur DsMo of Sif Muna (D:4)
  4 humans (Bailey)
  A vampire mosquito (D:7)
  Edmund (D:5)
  Menkaure (Ossuary)
  6 wargs (Orc:2)
  20 water moccasins
  Duvessa (D:5)
  3 sky beasts
  5 black bears
  A hornet zombie (D:7)
  24 orc warriors
  2 boggarts (Lair:6)
  3 ice beasts
  2 ogres
  49 wolves
  3 centaurs
  2 kobold brigands
  21 bullfrogs
  An earth elemental (Volcano)
  A water moccasin zombie (D:5)
  A wyvern skeleton (D:6)
  Dowan (D:5)
  3 scorpions
  A water moccasin skeleton (D:4)
  6 electric eels
  A howler monkey (D:8)
  A lava snake (Lair:3)
  3 centaur zombies
  2 hounds
  3 jellies
  A centaur skeleton (D:5)
  8 orc priests
  4 iguanas
  14 orc wizards
  2 hell rats (Lair:1)
  A killer bee zombie (D:9)
  A hound skeleton (D:4)
  4 mummies
  5 adders
  A gnoll (Bailey)
  A river rat (Lair:1)
  A shadow imp (D:7)
  A white imp (D:8)
  An ufetubus (D:5)
  An adder skeleton (D:2)
  4 worms
  4 dart slugs
  64 orcs
  5 bats
  6 endoplasms
  3 giant cockroaches
  10 goblins
  8 hobgoblins
  9 jackals
  15 kobolds
  10 quokkas
  6 ball pythons
  4 frilled lizards
  4 gnoll skeletons (Ossuary)
  5 gnoll zombies (Ossuary)
  5 goblin skeletons (Ossuary)
  3 goblin zombies (Ossuary)
  3 hobgoblin skeletons (Ossuary)
  6 hobgoblin zombies (Ossuary)
  6 kobold skeletons (Ossuary)
  5 kobold zombies
  3 orc skeletons (Ossuary)
  4 orc zombies (Ossuary)
  15 rats
  4 rat skeletons (Ossuary)
  4 rat zombies (Ossuary)
616 creatures vanquished.

Vanquished Creatures (collateral kills)
  The ghost of pdpol the Fighter, a journeyman DjWz of Qazlal (Lair:4)
  A boulder beetle (D:7)
  A catoblepas (Lair:3)
  4 death yaks (Lair:6)
  Sonja (Lair:1)
  A large abomination (Abyss:2)
  2 spriggans (Lair:6)
  The ghost of bande the Covered, an amateur GrFi (D:7)
  A boggart (Lair:6)
  A wolf (Lair:6)
  A bullfrog (D:7)
  A bullfrog zombie (D:7)
  An orc (Orc:2)
17 creatures vanquished.

Vanquished Creatures (others)
  4 humans (Lair:6)
  A lava snake (Lair:3)
  36 fungi
  72 plants
  2 withered plants (Lair:3)
115 creatures vanquished.

Grand Total: 748 creatures vanquished

Notes
Turn   | Place    | Note
-------+----------+-------------------------------------------
     0 | D:1      | robertstho the Minotaur Berserker began the quest for the
                  | Orb.
     0 | D:1      | Reached XP level 1. HP: 19/19 MP: 0/0
   177 | D:1      | Reached XP level 2. HP: 25/27 MP: 1/1
   897 | D:2      | Reached ** piety under Trog
   898 | D:2      | Reached XP level 3. HP: 26/34 MP: 2/2
  1758 | D:2      | Reached skill level 3 in Armour
  1760 | D:2      | Reached XP level 4. HP: 41/41 MP: 3/3
  1860 | D:2      | Reached skill level 5 in Fighting
  3125 | D:4      | Found a sand-covered staircase.
  3134 | Ossuary  | Entered an ossuary
  3138 | Ossuary  | Reached *** piety under Trog
  3264 | Ossuary  | Reached XP level 5. HP: 48/48 MP: 4/4
  3358 | Ossuary  | Reached skill level 5 in Axes
  3442 | Ossuary  | Reached **** piety under Trog
  3494 | Ossuary  | Noticed Menkaure
  3500 | Ossuary  | Killed Menkaure
  3501 | Ossuary  | Reached XP level 6. HP: 50/57 MP: 5/5
  3962 | D:4      | Reached skill level 4 in Armour
  4012 | D:4      | Found Zoufadia's Armour Shop.
  4215 | D:4      | Reached XP level 7. HP: 37/63 MP: 6/6
  4390 | D:4      | Found a runed translucent gate.
  4390 | D:4      | Found a runed translucent gate.
  4390 | D:4      | Noticed testman's ghost (amateur DsMo)
  4392 | D:4      | Found a runed translucent gate.
  4394 | D:4      | Identified the +5 spear "Vulymy" {vamp, rElec rC+ Str+4
                  | Int+3}
  4431 | D:4      | Killed testman's ghost
  4623 | D:5      | Entered Level 5 of the Dungeon
  4644 | D:5      | Noticed Dowan
  4645 | D:5      | Noticed Duvessa
  4662 | D:5      | Killed Duvessa
  4663 | D:5      | Reached skill level 5 in Armour
  4663 | D:5      | Killed Dowan
  4829 | D:5      | Noticed Grinder
  4829 | D:5      | Paralysed by Grinder for 6 turns
  4873 | D:5      | Paralysed by Grinder for 3 turns
  4878 | D:5      | Killed Grinder
  4879 | D:5      | Reached skill level 1 in Polearms
  4879 | D:5      | Reached XP level 8. HP: 54/73 MP: 7/7
  4979 | D:5      | Noticed Edmund
  4990 | D:5      | Killed Edmund
  5090 | D:5      | Reached ***** piety under Trog
  5091 | D:5      | Reached skill level 6 in Armour
  5157 | D:5      | Identified the +3 scale mail of Claustrophobia {Dex+4}
  5842 | D:6      | Reached skill level 7 in Armour
  5845 | D:6      | Reached XP level 9. HP: 81/81 MP: 8/8
  6700 | D:6      | Noticed a boulder beetle
  6710 | D:6      | HP: 2/123 [boulder beetle (11)]
  6713 | D:6      | Killed a boulder beetle
  6714 | D:6      | Reached skill level 5 in Polearms
  6714 | D:6      | Reached skill level 8 in Armour
  7210 | D:7      | Reached skill level 9 in Armour
  7361 | D:7      | Found a runed translucent gate.
  7361 | D:7      | Found a runed translucent gate.
  7361 | D:7      | Found a runed translucent gate.
  7363 | D:7      | Noticed a boulder beetle
  7364 | D:7      | Noticed bande's ghost (amateur GrFi)
  7388 | D:7      | Noticed Joseph
  7389 | D:7      | Found a staircase to the Ecumenical Temple.
  7414 | D:7      | Killed Joseph
  7415 | D:7      | Reached skill level 10 in Armour
  7440 | D:7      | Noticed a komodo dragon
  7448 | D:7      | Killed a komodo dragon
  7449 | D:7      | Reached XP level 10. HP: 91/91 MP: 9/9
  7465 | D:7      | Found a flagged portal.
  7472 | Bailey   | Entered a bailey
  7556 | Bailey   | Reached skill level 11 in Armour
  7670 | Bailey   | Received a gift from Trog
  7706 | Bailey   | Noticed Prince Ribbit
  7725 | Bailey   | Killed Prince Ribbit
  7771 | Bailey   | Noticed a vault guard
  7792 | Bailey   | Killed a vault guard
  7793 | Bailey   | Reached skill level 10 in Fighting
  7793 | Bailey   | Reached skill level 12 in Armour
  7837 | Bailey   | Noticed a vault guard
  7855 | Bailey   | Killed a vault guard
  8518 | D:7      | Killed a boulder beetle
  8519 | D:7      | Reached XP level 11. HP: 101/101 MP: 10/10
  8522 | D:7      | Killed bande's ghost
  8654 | D:8      | Noticed a two-headed ogre
  8662 | D:8      | Killed a two-headed ogre
  8663 | D:8      | Reached skill level 13 in Armour
  8678 | D:8      | Found Keovvof's Distillery.
  8688 | D:8      | Bought a potion of berserk rage for 75 gold pieces
  8688 | D:8      | Bought a potion of lignification for 45 gold pieces
  8688 | D:8      | Bought a potion of brilliance for 60 gold pieces
  8688 | D:8      | Bought a potion of degeneration for 15 gold pieces
  8688 | D:8      | Bought a potion of heal wounds for 75 gold pieces
  8718 | D:8      | Found Sebroj's Distillery.
  8726 | D:8      | Bought a potion of invisibility for 88 gold pieces
  8726 | D:8      | Bought a potion of curing for 33 gold pieces
  8764 | D:8      | Found Vaamak's Book Shop.
  8776 | D:8      | Found Zusaab's Antique Weapon Shop.
  8782 | D:8      | Noticed a two-headed ogre
  8792 | D:8      | Killed a two-headed ogre
  8879 | D:8      | Noticed Erica
  8894 | D:8      | Killed Erica
  8981 | D:8      | Found a sparkling altar of Nemelex Xobeh.
  9137 | D:9      | Found a staircase to the Lair.
  9165 | D:9      | Found a staircase to the Orcish Mines.
  9410 | D:9      | Reached skill level 10 in Polearms
  9565 | D:9      | Found a snail-covered altar of Cheibriados.
  9637 | D:9      | Found a hazy altar of Hepliaklqana.
  9914 | D:10     | Entered Level 10 of the Dungeon
 10023 | D:10     | Received a gift from Trog
 10395 | D:8      | Bought a potion of mutation for 88 gold pieces
 10395 | D:8      | Bought a potion of heal wounds for 55 gold pieces
 10395 | D:8      | Bought a potion of curing for 33 gold pieces
 10395 | D:8      | Bought a potion of curing for 33 gold pieces
 10425 | Lair:1   | Entered Level 1 of the Lair of Beasts
 10439 | Lair:1   | Reached skill level 1 in Stealth
 10833 | Lair:1   | Noticed Sonja
 10863 | Lair:1   | Cast into level 2 of the Abyss (Sonja)
 10896 | Abyss:2  | Noticed a wretched star
 10912 | Abyss:2  | Noticed a hell hog
 10914 | Abyss:2  | Noticed a hell hog
 10915 | Abyss:2  | Noticed a hell hog
 10922 | Abyss:2  | Killed a hell hog
 10925 | Abyss:2  | Killed a hell hog
 10929 | Abyss:2  | Killed a hell hog
 10944 | Abyss:2  | Noticed a flayed ghost
 10956 | Abyss:2  | Killed a flayed ghost
 11091 | Abyss:2  | Noticed a large abomination
 11108 | Abyss:2  | Killed a large abomination
 11111 | Lair:1   | Escaped the Abyss
 11120 | Lair:1   | Killed Sonja
 11121 | Lair:1   | Reached skill level 14 in Armour
 11496 | Lair:1   | Noticed a five-headed hydra
 11505 | Lair:1   | Killed a five-headed hydra
 11721 | Lair:2   | Reached XP level 12. HP: 113/113 MP: 11/11
 11976 | Lair:2   | Reached skill level 15 in Armour
 12466 | Lair:2   | Found a transporter.
 12468 | Lair:2   | Found a transporter.
 12468 | Lair:2   | Noticed a boulder beetle
 12920 | Lair:3   | Found an ornate altar of the Wu Jian Council.
 12944 | Lair:3   | Found a runed translucent door.
 12944 | Lair:3   | Noticed Veysay's ghost (journeyman DjWz)
 13046 | Lair:3   | Noticed a catoblepas
 13103 | Lair:3   | Killed a catoblepas
 13496 | Lair:3   | Noticed an eight-headed hydra
 13504 | Lair:3   | Killed an eight-headed hydra
 14045 | Lair:3   | Reached skill level 16 in Armour
 14484 | Lair:3   | Killed Veysay's ghost
 14521 | Lair:4   | Found a staircase to the Swamp.
 14680 | Lair:4   | Reached XP level 13. HP: 124/124 MP: 12/12
 14835 | Lair:3   | Identified the +9 trident "Ciack" {antimagic, Fragile
                  | +Blink Will+++}
 15175 | Lair:4   | Found a hole to the Spider Nest.
 15228 | Lair:4   | Reached skill level 17 in Armour
 15720 | Lair:4   | Found a large runed translucent door.
 15721 | Lair:4   | Found a large runed translucent door.
 15726 | Lair:4   | Noticed pdpol's ghost (journeyman DjWz)
 16026 | Lair:4   | Killed pdpol's ghost
 16134 | Lair:5   | Found a dark tunnel.
 16140 | Volcano  | Entered a volcano
 16245 | Volcano  | Noticed a stone giant
 16258 | Volcano  | Killed a stone giant
 16258 | Volcano  | Received a gift from Trog
 16448 | Volcano  | Reached skill level 15 in Fighting
 17122 | Lair:6   | Entered Level 6 of the Lair of Beasts
 17122 | Lair:6   | Noticed Kirke
 17135 | Lair:6   | Killed Kirke
 17150 | Lair:6   | Reached skill level 18 in Armour
 17609 | Lair:6   | Found a runed translucent door.
 17609 | Lair:6   | Found a viscous altar of Jiyva.
 17609 | Lair:6   | Noticed an acid blob
 17614 | Lair:6   | Found a staircase to the Slime Pits.
 17641 | Lair:6   | Reached XP level 14. HP: 136/136 MP: 13/13
 18209 | Lair:6   | Identified the +0 buckler "Foaziubo" {rF+}
 18328 | Lair:6   | Received a gift from Trog
 19083 | Orc:1    | Entered Level 1 of the Orcish Mines
 19431 | Orc:1    | Noticed Maurice
 19439 | Orc:1    | Killed Maurice
 19643 | Orc:2    | Entered Level 2 of the Orcish Mines
 19645 | Orc:2    | Found Gedol's Antique Armour Boutique.
 20096 | Orc:2    | Found Xyesorph's Antique Armour Emporium.
 20097 | Orc:2    | Found Xujeeth's Distillery.
 20190 | Orc:2    | Bought a potion of resistance for 140 gold pieces
 20190 | Orc:2    | Bought a potion of ambrosia for 112 gold pieces
 20190 | Orc:2    | Bought a potion of curing for 42 gold pieces
 20190 | Orc:2    | Bought a potion of heal wounds for 70 gold pieces
 20190 | Orc:2    | Bought a potion of curing for 42 gold pieces
 20199 | Orc:2    | Bought a runed scarf for 312 gold pieces
 20283 | Orc:2    | Reached skill level 1 in Shields
 20285 | Orc:2    | Found Geucezo's Weapon Emporium.
 20285 | Orc:2    | Found Muykk's General Store.
 20310 | Orc:2    | Mangled by an orc warrior

Illustrated notes

Levels and vault maps discovered:
D:1:      dpeg_arrival_pits, layout_loops_ring
D:2:      layout_basic
D:3:      layout_loops_ring, minmay_checkerbox
D:4:      layout_basic, biasface_ghost_orc_armoury, serial_shops,
          nicolae_shop_trees, nicolae_ossuary_entry_giza, minmay_crystal_room,
          roderic_lattice_a
D:5:      layout_basic, uniq_grinder, uniq_duvessa, uniq_edmund
D:6:      layout_rooms, st_stairs_1, kennysheep_crisscross
D:7:      layout_rooms, minmay_temple_entry_waves, gammafunk_ghost_split,
          enter_bailey_2, serial_bayou, serial_bayou_ford_a,
          serial_bayou_pond_c, serial_bayou_lake_a, serial_bayou_shore_b,
          minmay_chambers_of_fives, uniq_joseph
D:8:      layout_rooms, nicolae_overflow_crystal_walls, serial_shops,
          nicolae_shop_competitors_out_of_business, shop_statue,
          nicolae_shop_crystal, nicolae_shop_statue_plus, serial_glass,
          glass_columns_c, glass_columns_a, glass_columns_c, glass_columns_a,
          glass_columns_b, glass_columns_a, glass_columns_b, glass_columns_b,
          glass_columns_c, glass_columns_c, uniq_erica
D:9:      layout_irregular_city, lemuel_crystal_altar,
          nicolae_hepliaklqana_hippocampus, lair_entry_dummy, orc_david_3,
          serial_column_ruins, column_ruins_hut_ruined, column_ruins_corridor_T,
          column_ruins_open_small, column_ruins_open_tiny
D:10:     layout_cave_pools
Lair:1:   layout_regular_city, kennysheep_abandoned_house, uniq_sonja
Lair:2:   gammafunk_boulding_lane, layout_long_grid
Lair:3:   layout_regular_city, gammafunk_ghost_grave, basic_altar,
          nicolae_quartered_pool_medium, nicolae_lair_liquid_snakes
Lair:4:   layout_layer_cave, minmay_swamp_entry_reptiles, dummy_spider_entry,
          ebering_ghost_disaster_area, wad_woods_river_01,
          infiniplex_staircase_pool_2, serial_bayou_shore_b, lemuel_fruit_tree
Lair:5:   layout_cave_shapes, enter_volcano_1, st_stairs_9
Lair:6:   minmay_lair_end_enchanted_forest, layout_regular_city, slime_altar_2,
          chequers_serial_rivers_small_b, uniq_kirke
Orc:1:    layout_caves, nicolae_orc_jurassic_orc, nicolae_orc_flooded_monolith,
          nicolae_alphabet_shops, uniq_maurice
Orc:2:    st_orc_town, layout_diamond_mine, serial_shops, shop, shop,
          nicolae_shop_window_shopping, nicolae_shop_overgrown_old_shop,
          nooodl_orcs_dogs, uniq_jorgrun

Skill      XL: |  1  2  3  4  5  6  7  8  9 10 11 12 13 14 |
---------------+-------------------------------------------+-----
Fighting       | 4 5 6 7 8 9 10 12 14 15 17 | 17.8
Axes           | 4 6 7 8 9 |  9.4
Armour         | 3 4 5 7 10 12 14 16 18 | 18.8
Polearms       | 1 4 6 8 11 12 13 14 | 14.8
Stealth        | 1 |  1.9
Dodging        | 3 |  3.4
Shields        | 1 |  1.3
Evocations     | |  0.4

Action                   |  1- 3 |  4- 6 |  7- 9 | 10-12 | 13-15 || total
-------------------------+-------+-------+-------+-------+-------++-------
Melee: Hand axe          |    89 |       |       |       |       ||    89
       Headbutt          |    13 |    28 |    39 |   165 |   127 ||   372
       Battleaxe         |     4 |   192 |    22 |       |       ||   218
       Punch             |     3 |       |     1 |    12 |     9 ||    25
       Spear             |       |       |   219 |   861 |   308 ||  1388
       Demon trident     |       |       |       |       |   422 ||   422
Invok: Berserk           |     1 |       |     7 |    16 |    10 ||    34
       Brothers in Arms  |       |       |       |     3 |     3 ||     6
       Trog's Hand       |       |       |       |     2 |       ||     2
Evoke: Wand              |       |       |       |     4 |       ||     4
  Use: Scroll            |     2 |     3 |     6 |     7 |     8 ||    26
       Potion            |       |       |       |     5 |       ||     5
 Stab: Sleeping          |       |     1 |       |       |       ||     1
       Distracted        |       |       |       |     1 |       ||     1
Armor: Animal skin       |    12 |    21 |       |       |       ||    33
       Plate armour      |       |    82 |   108 |   361 |   123 ||   674
       Chain mail        |       |       |       |       |   200 ||   200
       Leather armour    |       |       |       |       |     1 ||     1
Dodge: Dodged            |    73 |    66 |    62 |   226 |   170 ||   597
Block: Buckler           |       |       |       |       |    13 ||    13

Table legend: (Time is in decaauts)
 A = Elapsed time spent in this place.
 B = Non-inter-level travel time spent in this place.
 C = Inter-level travel time spent in this place.
 D = Time resting spent in this place.
 E = Time spent auto-exploring this place.
 F = Levels seen in this place.
 G = Mean time per level.
                   A        B        C        D        E       F      G
               +--------+--------+--------+--------+--------+-----+--------+
         Total |  20031 |  19075 |    956 |   3027 |  12587 |  22 |  910.5 |
       Dungeon |   9544 |   9080 |    464 |   1115 |   6579 |  10 |  954.4 |
          Lair |   7645 |   7268 |    377 |   1281 |   4710 |   6 | 1274.2 |
  Orcish Mines |   1186 |   1072 |    114 |    284 |    598 |   2 |  593.0 |
         Abyss |    241 |    241 |      0 |    172 |      5 |   1 |  241.0 |
       Ossuary |    498 |    498 |      0 |      0 |    239 |   1 |  498.0 |
        Bailey |    475 |    475 |      0 |    175 |    121 |   1 |  475.0 |
       Volcano |    438 |    438 |      0 |      0 |    334 |   1 |  438.0 |
               +--------+--------+--------+--------+--------+-----+--------+

Top non-repeatable levels by time:
     D:5: 1903 daAuts
  Lair:6: 1649 daAuts
  Lair:2: 1490 daAuts
  Lair:4: 1471 daAuts
     D:2: 1300 daAuts
  Lair:3: 1293 daAuts
     D:4: 1095 daAuts
  Lair:1: 1023 daAuts
     D:3: 949 daAuts
     D:7: 910 daAuts
     D:1: 893 daAuts
   Orc:1: 834 daAuts
     D:9: 797 daAuts
  Lair:5: 718 daAuts
     D:6: 675 daAuts
